 Dungeon Crawl Stone Soup version 0.27-a0-1525-g1038ab4fd7 (webtiles) character file.

Game seed: 4205092456223415010

3488 garrulousMonolith the Demonic Disaster (level 9, -3/69 HPs)
             Began as a Demonspawn Fighter on July 11, 2021.
             Was a Believer of Qazlal.
             Slain by a mummy (11 damage)
             ... in an ossuary.
             The game lasted 00:11:53 (9419 turns).

garrulousMonolith the Demonic Disaster (DsFi)       Turns: 9419, Time: 00:11:54

Health: -3/69      AC: 14    Str: 23    XL:     9   Next: 80%
Magic:  9/15       EV: 10    Int: 11    God:    Qazlal [**....]
Gold:   320        SH: 13    Dex: 14    Spells: 8/8 levels left

rFire    . . .     SeeInvis .   w - +0 short sword (elec)
rCold    . . .     Faith    .   c - +0 kite shield
rNeg     . . .     Spirit   .   D - +0 chain mail
rPois    .         Reflect  .   x - +0 helmet
rElec    .         Harm     .   (no cloak)
rCorr    .         Rampage  .   (no gloves)
Will     .....                  e - +0 pair of boots
Stlth    ..........             (no amulet)
HPRegen  0.21/turn              i - +6 ring of strength
MPRegen  0.14/turn              l - +4 ring of evasion

@: attractive
A: hooves 2, thin metallic scales 1, demonic magic 1
a: Renounce Religion, Upheaval


You were in an ossuary.
You worshipped Qazlal.
Qazlal was pleased with you.
You visited 2 branches of the dungeon, and saw 9 of its levels.
You also visited: Ossuary.

You collected 446 gold pieces.
You spent 126 gold pieces at shops.

Inventory:

Hand Weapons
 a - a +1 broad axe
 b - a +1 trident of venom
 w - a +0 short sword of electrocution (weapon)
Missiles
 k - 27 poisoned darts (quivered)
 C - 5 boomerangs of dispersal
Armour
 c - a +0 kite shield (worn)
 e - a +0 pair of boots (worn)
 o - a +0 plate armour
 x - a +0 helmet (worn)
 D - a +0 chain mail (worn)
 E - a +1 ring mail of fire resistance
 L - a +0 tower shield
Jewellery
 g - a ring of magical power
 i - a +6 ring of strength (left hand)
 l - a +4 ring of evasion (right hand)
Wands
 f - a wand of iceblast (2)
 n - a wand of flame (22)
Scrolls
 d - 2 scrolls of identify
 q - a scroll of immolation
 u - 5 scrolls of amnesia
 H - a scroll of magic mapping
 I - a scroll of fear
 J - a scroll of teleportation
Potions
 h - 2 potions of flight
 m - a potion of mutation {unknown}
 s - a potion of invisibility {unknown}
 t - a potion of curing
 z - a potion of cancellation {unknown}
 A - 3 potions of brilliance
 F - a potion of degeneration {unknown}
 G - a potion of magic


   Skills:
 + Level 6.2 Fighting
 * Level 6.3(6.7) Axes
 - Level 3.4(5.3) Polearms
 + Level 5.6 Armour
 + Level 5.5 Shields
 * Level 9.0 Invocations


You had 8 spell levels left.
You didn't know any spells.
Your spell library contained the following spells:

 Spells                   Type           Power      Damage    Failure   Level
 Summon Small Mammal      Summ           0%         N/A       100%        1
 Call Canine Familiar     Summ           0%         N/A       100%        3
 Dazzling Flash           Conj/Hex       0%         N/A       100%        3
 Summon Guardian Golem    Hex/Summ       0%         N/A       100%        3
 Agony                    Necr           0%         N/A       100%        5
 Silence                  Hex/Air        0%         N/A       100%        5


Dungeon Overview and Level Annotations

Branches:
Dungeon (8/15)             Temple (1/1) D:5         Ossuary (1/1)
   Lair: D:8-11

Altars:
Ashenzari
Cheibriados
Dithmenos
Elyvilon
Fedhas
Gozag
Kikubaaqudgha
Makhleb
Qazlal
Ru
Sif Muna
Trog
Uskayaw
Wu Jian
Yredelemnul

Shops:
D:4 :!   D:5 *

Annotations:
D:5 2 runed translucent doors


Innate Abilities, Weirdness & Mutations

You have hoof-like feet.
You are partially covered in thin metallic scales. (AC +2)
Spells you cast may paralyse adjacent enemies.


Message History

* * * LOW HITPOINT WARNING * * *
You hit the mummy but do no damage.
The mummy is almost destroyed.
A mummy comes into view.
You block the mummy's attack.
It was a potion of attraction.
You feel attractive to monsters.
Okay, then.
Aiming: Upheaval
Press: ? - help, Dir - move target, f - mummy
Aim: a mummy (almost destroyed) That beam is likely to hit you.
Continue anyway?
Okay, then.
Aiming: Upheaval
Press: ? - help, Dir - move target, f - mummy, p - mummy
Aim: a mummy A storm cloud blasts the area with cutting wind!
The cutting wind hits the mummy!!
You destroy the mummy!
Qazlal accepts your kill.
The cutting wind hits the mummy!!
You destroy the mummy!
Qazlal accepts your kill.
The cutting wind hits the mummy!
The mummy is severely damaged.
The mummy hits you.
* * * LOW HITPOINT WARNING * * *
You block the mummy's attack. The bog mummy is pulled toward you!
You feel better.
A mummy comes into view.
The bog mummy gestures at you while chanting.
The puff of frost hits you.
* * * LOW HITPOINT WARNING * * *
The mummy is pulled toward you!
You barely miss the mummy.
The mummy is severely damaged.
The mummy barely misses you.
A bullfrog zombie comes into view.
The mummy hits you!
You die...

#####
#..∩#
#M@.#
#MM.#
##M##
Z..
#+#'#
.# ##


You could see 3 mummies, a bog mummy and a bullfrog zombie.

Vanquished Creatures
  Maggie (D:8)
  Sigmund (D:4)
  4 vampire mosquitoes (D:7)
  Menkaure (D:7)
  A water moccasin (D:7)
  Edmund (D:4)
  A necrophage (D:5)
  3 orc warriors
  A black bear (D:5)
  An ogre (D:6)
  2 sky beasts
  2 phantoms
  2 kobold brigands
  A bullfrog (D:8)
  Blork the orc (D:5)
  2 scorpions
  A wyvern skeleton (D:5)
  An electric eel (D:8)
  2 bullfrog zombies
  A centaur zombie (D:6)
  3 hounds
  A gnoll shaman (D:7)
  5 orc priests
  2 centaur skeletons
  2 bullfrog skeletons
  An iguana (D:3)
  2 orc wizards
  3 mummies (Ossuary)
  7 adders
  3 gnolls (D:7)
  A shadow imp (D:8)
  3 white imps
  3 worms
  A dart slug (D:2)
  29 orcs
  5 endoplasms
  5 giant cockroaches
  3 hobgoblins
  12 jackals (D:1)
  4 quokkas
  11 ball pythons
  5 bats
  4 frilled lizards
  5 goblins
  25 kobolds
  5 rats
180 creatures vanquished.

Vanquished Creatures (others)
  3 withered plants (Ossuary)
3 creatures vanquished.

Grand Total: 183 creatures vanquished

Notes
Turn   | Place    | Note
-------+----------+-------------------------------------------
     0 | D:1      | garrulousMonolith the Demonspawn Fighter began the quest
                  | for the Orb.
     0 | D:1      | Reached XP level 1. HP: 18/18 MP: 1/1
   233 | D:1      | Gained mutation: You have large cloven feet. [demonic
                  | ancestry]
   233 | D:1      | Reached XP level 2. HP: 24/24 MP: 2/2
   826 | D:1      | Reached XP level 3. HP: 29/29 MP: 3/3
  1116 | D:1      | Found a faded altar of an unknown god.
  1577 | D:2      | Noticed a phantom
  1603 | D:2      | Killed a phantom
  1604 | D:2      | Reached XP level 4. HP: 6/37 MP: 4/4
  1604 | D:2      | Gained mutation: You are partially covered in thin metallic
                  | scales. (AC +2) [demonic ancestry]
  1604 | D:2      | Reached XP level 5. HP: 6/42 MP: 5/5
  2252 | D:2      | Found a stormy altar of Qazlal.
  2402 | D:2      | Became a worshipper of Qazlal Stormbringer
  2874 | D:3      | Reached skill level 1 in Axes
  2874 | D:3      | Reached skill level 1 in Invocations
  2910 | D:3      | Reached XP level 6. HP: 39/48 MP: 7/7
  3034 | D:3      | Reached skill level 2 in Invocations
  3140 | D:3      | Reached * piety under Qazlal
  3796 | D:4      | Noticed Sigmund
  3815 | D:4      | Killed Sigmund
  3816 | D:4      | Reached skill level 3 in Invocations
  3992 | D:4      | Reached XP level 7. HP: 49/54 MP: 9/9
  4051 | D:4      | Found Uzuez's Distillery.
  4077 | D:4      | Bought a potion of curing for 36 gold pieces
  4264 | D:4      | Reached ** piety under Qazlal
  4270 | D:4      | Found Womy's Book Shop.
  4466 | D:4      | Found a shimmering blue altar of Sif Muna.
  4505 | D:4      | Noticed Edmund
  4511 | D:4      | Killed Edmund
  4512 | D:4      | Reached skill level 4 in Invocations
  4706 | D:5      | Entered Level 5 of the Dungeon
  4853 | D:5      | Found a runed translucent door.
  4854 | D:5      | Noticed a vampire mosquito
  4855 | D:5      | Found a runed translucent door.
  4855 | D:5      | Noticed a vampire mosquito
  5008 | D:5      | Noticed Blork the orc
  5017 | D:5      | Killed Blork the orc
  5265 | D:5      | Reached skill level 5 in Invocations
  5366 | D:5      | Found Buotogh's General Store.
  5374 | D:5      | Gained mutation: Spells you cast may paralyse adjacent
                  | enemies. [demonic ancestry]
  5374 | D:5      | Reached XP level 8. HP: 55/61 MP: 11/11
  5495 | D:5      | Bought a scroll of magic mapping for 45 gold pieces
  5495 | D:5      | Bought a scroll of fear for 45 gold pieces
  5671 | D:5      | Found a staircase to the Ecumenical Temple.
  5689 | Temple   | Entered the Ecumenical Temple
  6272 | D:6      | Reached skill level 5 in Fighting
  6430 | D:6      | Reached skill level 6 in Invocations
  7181 | D:7      | Found an ancient bone altar of Kikubaaqudgha.
  7460 | D:7      | Found a shadowy altar of Dithmenos.
  7705 | D:7      | Noticed Menkaure
  7711 | D:7      | Killed Menkaure
  7712 | D:7      | Reached skill level 7 in Invocations
  7781 | D:7      | Reached skill level 5 in Axes
  7781 | D:7      | Reached skill level 5 in Armour
  7781 | D:7      | Gained mutation: You have hoof-like feet. [demonic
                  | ancestry]
  7781 | D:7      | Reached XP level 9. HP: 38/68 MP: 14/14
  8071 | D:7      | Reached skill level 5 in Shields
  8379 | D:7      | Reached skill level 8 in Invocations
  8465 | D:7      | Identified the +2 robe of the Falcon {Rampage rPois Str+5
                  | Dex-2}
  9189 | D:8      | Noticed Maggie
  9200 | D:8      | Killed Maggie
  9356 | D:8      | HP: 3/69 [orc warrior (8)]
  9365 | D:8      | Reached skill level 9 in Invocations
  9390 | D:8      | Found a sand-covered staircase.
  9396 | Ossuary  | Entered an ossuary
  9419 | Ossuary  | Slain by a mummy

Illustrated notes

Levels and vault maps discovered:
D:1:      dpeg_arrival_houses_and_road, layout_basic,
          dreamdust_ecumenical_altar_hidden_monk_grotto, minmay_misc_feat_rugged
D:2:      layout_basic, kennysheep_flooded_box
D:3:      layout_loops_ring
D:4:      layout_gridville, lemuel_blue_sif_altar, serial_shops, shop_fountains,
          shop, sigmund_edmund_badplayer
D:5:      lemuel_insect_pit, layout_gridville, minmay_temple_entry_trees,
          chequers_serial_rivers_micro_b, nicolae_inconvenience_store,
          uniq_sigmund, uniq_blork_the_orc
D:6:      layout_basic
D:7:      layout_loops_cross, mainiacjoe_overflow_concentric_impassable,
          mainiacjoe_overflow_alcove_1, uniq_menkaure
D:8:      layout_cave_pools, nicolae_ossuary_entry_ruins, minivault_14,
          uniq_maggie
Temple:   minmay_temple_curvy_loop
Ossuary:  ossuary_zaba_flooded

Skill      XL: |  1  2  3  4  5  6  7  8  9 |
---------------+----------------------------+-----
Polearms       | 2 3 |  3.4
Armour         | 3 4 5 |  5.6
Shields        | 3 4 5 |  5.5
Axes           | 1 2 3 5 6 |  6.3
Invocations    | 1 3 5 7 9 |  9.0
Fighting       | 4 5 6 |  6.2

Action                   |  1- 3 |  4- 6 |  7- 9 || total
-------------------------+-------+-------+-------++-------
Melee: Trident           |   153 |    69 |   277 ||   499
       War axe           |       |    26 |       ||    26
       Broad axe         |       |    77 |    20 ||    97
       Short sword       |       |       |    48 ||    48
Throw: Dart              |       |     4 |     3 ||     7
Invok: Upheaval          |       |       |     6 ||     6
Evoke: Wand              |       |       |     3 ||     3
  Use: Potion            |     2 |     1 |    12 ||    15
       Scroll            |       |       |    12 ||    12
Armor: Scale mail        |    78 |    83 |    17 ||   178
       Chain mail        |       |       |   141 ||   141
       Ring mail         |       |       |     1 ||     1
Dodge: Dodged            |    32 |    44 |    83 ||   159
Block: Kite shield       |    65 |   108 |   260 ||   433

Table legend: (Time is in decaauts)
 A = Elapsed time spent in this place.
 B = Non-inter-level travel time spent in this place.
 C = Inter-level travel time spent in this place.
 D = Time resting spent in this place.
 E = Time spent auto-exploring this place.
 F = Levels seen in this place.
 G = Mean time per level.
                   A        B        C        D        E       F      G
               +--------+--------+--------+--------+--------+-----+--------+
         Total |   9665 |   9375 |    290 |   1021 |   6761 |  10 |  966.5 |
       Dungeon |   9424 |   9158 |    266 |   1011 |   6568 |   8 | 1178.0 |
        Temple |    216 |    193 |     23 |      0 |    193 |   1 |  216.0 |
       Ossuary |     23 |     23 |      0 |     10 |      0 |   1 |   23.0 |
               +--------+--------+--------+--------+--------+-----+--------+

Top non-repeatable levels by time:
     D:7: 2058 daAuts
     D:1: 1364 daAuts
     D:3: 1311 daAuts
     D:5: 1282 daAuts
     D:2: 1200 daAuts
     D:4: 1007 daAuts
     D:6: 976 daAuts
     D:8: 223 daAuts
  Temple: 216 daAuts
 Ossuary: 23 daAuts
